[Event "SVK-ch Open 2018"]
[Site "Banska Stiavnica"]
[Date "2018.07.07"]
[Round "1"]
[White "Pasztor, Ladislav"]
[Black "Jablonicky, Martin"]
[Result "0-1"]
[ECO "A15"]
[WhiteElo "1954"]
[BlackElo "2356"]
[Annotator "NA"]
[PlyCount "99"]
[EventDate "2018.07.07"]
[EventType "swiss"]
[EventCountry "SVK"]
[SourceTitle "playchess.com"]
[Source "ChessBase"]
[SourceQuality "1"]
[TimeControl "40/5400+30:1800+30"]

1. c4 Nf6 2. Nf3 g6 3. Nc3 Bg7 4. e4 d6 5. h3 O-O 6. Be2 c5 7. d3 Nc6 8. O-O Ne8 9. Nh2 Nc7 10. Be3 a6 11. a4 Rb8 12. Qd2 Ne6 13. f4 Ned4 14. Rae1 f5 15. exf5 gxf5 16. Kh1 Qa5 17. Bd1 e6 18. Rg1 b5 19. axb5 axb5 20. cxb5 Nxb5 21. Nxb5 Rxb5 22. Qxa5 Nxa5 23. Bd2 Nb3 24. Bc3 Nd4 25. Nf3 d5 26. Ne5 Nb3 27. Re2 d4 28. Be1 Nc1 29. Rd2 Bxe5 30. fxe5 Ba6 31. Rf1 Rb6 32. Rf3 Rfb8 33. Bh4 Rxb2 34. Rg3+ Kf8 35. Rxb2 Rxb2 36. Bf6 Nxd3 37. Bh5 Nf2+ 38. Kh2 Ne4 39. Rg7 Rb7 40. Rxb7 Bxb7 41. Bd8 c4 42. Ba5 c3 43. Bb4+ Kg7 44. Be2 c2 45. Ba3 Nc3 46. Bd3 Be4 47. Bc4 d3 48. Bxe6 d2 49. Bb2 d1=Q 50. Bxc3 0-1

[Event "SVK-ch Open 2018"]
[Site "Banska Stiavnica"]
[Date "2018.07.07"]
[Round "1"]
[White "Redzisz, Michal"]
[Black "Aczel, Gergely"]
[Result "0-1"]
[ECO "B86"]
[WhiteElo "1937"]
[BlackElo "2543"]
[Annotator "ChessBase"]
[PlyCount "114"]
[EventDate "2018.07.07"]
[EventType "swiss"]
[EventCountry "SVK"]
[SourceTitle "playchess.com"]
[Source "ChessBase"]
[SourceQuality "1"]
[TimeControl "40/5400+30:1800+30"]

1. e4 c5 2. Nf3 e6 3. d4 cxd4 4. Nxd4 Nf6 5. Nc3 d6 6. Bc4 Be7 7. Qe2 a6 8. Bb3 O-O 9. O-O Nbd7 10. a3 Qc7 11. f3 b5 12. Be3 Bb7 13. Rad1 Rac8 14. Qf2 Rfe8 15. Rfe1 Bf8 16. Re2 Ne5 17. Kh1 Nc4 18. Bxc4 bxc4 19. Bc1 Rb8 20. Rde1 Ba8 21. Nd1 Nd7 22. Ne3 Qc5 23. Rd1 Ne5 24. b4 cxb3 25. cxb3 a5 26. Rc2 Qb6 27. Rb2 d5 28. exd5 Bxa3 29. Rc2 Bxc1 30. Rcxc1 Bxd5 31. Nxd5 exd5 32. Qg3 g6 33. f4 Nd7 34. Rc6 Qb7 35. h4 Rbc8 36. Qc3 Nf6 37. Rc1 Rxc6 38. Nxc6 Ne4 39. Qxa5 Qd7 40. Ne5 Qf5 41. Qb5 Rf8 42. Qxd5 Qxf4 43. Rc4 Qxh4+ 44. Kg1 Qf2+ 45. Kh2 Qf4+ 46. Kg1 Qe3+ 47. Kh2 Qg3+ 48. Kg1 Nf6 49. Qd6 Ra8 50. Ra4 Rxa4 51. bxa4 Qe1+ 52. Kh2 Qxe5+ 53. Qxe5 Ng4+ 54. Kg3 Nxe5 55. a5 Nc6 56. a6 f6 57. Kf4 Kf7 0-1

[Event "SVK-ch Open 2018"]
[Site "Banska Stiavnica"]
[Date "2018.07.07"]
[Round "1"]
[White "Slaba, Andrea"]
[Black "Franzen, Jozef"]
[Result "0-1"]
[ECO "A05"]
[WhiteElo "1936"]
[BlackElo "2256"]
[Annotator "NA"]
[PlyCount "92"]
[EventDate "2018.07.07"]
[EventType "swiss"]
[EventCountry "SVK"]
[SourceTitle "playchess.com"]
[Source "ChessBase"]
[SourceQuality "1"]
[TimeControl "40/5400+30:1800+30"]

1. Nf3 Nf6 2. g3 g6 3. Bg2 Bg7 4. O-O O-O 5. d4 d6 6. c4 c6 7. Nc3 Nbd7 8. e4 e5 9. dxe5 dxe5 10. Qc2 Re8 11. h3 Qc7 12. Be3 Nf8 13. Rac1 Ne6 14. Rfd1 Bf8 15. Na4 b6 16. a3 Bb7 17. Nc3 a5 18. Ng5 Nd4 19. Bxd4 exd4 20. Rxd4 Bc5 21. Rdd1 Qxg3 22. Nf3 Nh5 23. Kf1 Qc7 24. Na4 Bf8 25. Qb3 Ra6 26. c5 bxc5 27. Nxc5 Bxc5 28. Rxc5 Rb6 29. Qc2 Nf4 30. Nd4 Rd8 31. Kg1 Qe7 32. f3 Ne2+ 33. Nxe2 Rxd1+ 34. Kh2 Qd8 35. Rxa5 Ba6 36. Nf4 Rd2 37. Qc5 Bf1 38. b4 Ra2 39. Kg3 Bxg2 40. Nxg2 Qb8+ 41. f4 Rb5 42. Rxb5 Rxa3+ 43. Kh2 Qxb5 44. Qd6 Rd3 45. Qe7 Qb8 46. Qc5 Qd6 0-1

[Event "SVK-ch Open 2018"]
[Site "Banska Stiavnica"]
[Date "2018.07.07"]
[Round "1"]
[White "Rezak, Milan"]
[Black "Bokros, Albert"]
[Result "0-1"]
[ECO "B22"]
[WhiteElo "1928"]
[BlackElo "2483"]
[Annotator "ChessBase"]
[PlyCount "78"]
[EventDate "2018.07.07"]
[EventType "swiss"]
[EventCountry "SVK"]
[SourceTitle "playchess.com"]
[Source "ChessBase"]
[SourceQuality "1"]
[TimeControl "40/5400+30:1800+30"]

1. e4 c5 2. c3 Nf6 3. e5 Nd5 4. d4 cxd4 5. cxd4 e6 6. Nf3 d6 7. Nc3 Nxc3 8. bxc3 Qc7 9. Bd2 Nd7 10. Bb5 a6 11. Bxd7+ Bxd7 12. O-O Rc8 13. Rc1 Bb5 14. Re1 d5 15. Qc2 h6 16. a4 Bd7 17. Nh4 Qc4 18. f4 Be7 19. Nf3 Bxa4 20. Qb1 Bb5 21. Re3 g6 22. g4 h5 23. g5 a5 24. Nh4 Rg8 25. Rg3 a4 26. Ng2 a3 27. Ne3 Qa4 28. Rc2 Kf8 29. Ra2 Kg7 30. f5 gxf5 31. Nxf5+ exf5 32. Qxf5 Qd1+ 33. Kg2 Qe2+ 34. Kg1 Qe4 35. Qf2 Rc6 36. Rf3 Rf8 37. Rf4 Qb1+ 38. Kg2 Qxa2 39. g6 Rxg6+ 0-1

[Event "SVK-ch Open 2018"]
[Site "Banska Stiavnica"]
[Date "2018.07.07"]
[Round "1"]
[White "Kucera, Michal"]
[Black "Talla, Vladimir"]
[Result "1/2-1/2"]
[ECO "B90"]
[WhiteElo "1921"]
[BlackElo "2402"]
[Annotator "NA"]
[PlyCount "135"]
[EventDate "2018.07.07"]
[EventType "swiss"]
[EventCountry "SVK"]
[SourceTitle "playchess.com"]
[Source "ChessBase"]
[SourceQuality "1"]
[TimeControl "40/5400+30:1800+30"]

1. e4 c5 2. Nf3 d6 3. d4 cxd4 4. Nxd4 Nf6 5. Nc3 a6 6. Be3 e5 7. Nb3 Be7 8. Be2 O-O 9. O-O Be6 10. f4 exf4 11. Bxf4 Nc6 12. Kh1 Ne8 13. Be3 Bf6 14. Nd4 Nxd4 15. Bxd4 Be5 16. Bxe5 dxe5 17. Qxd8 Rxd8 18. Rad1 Nf6 19. Rxd8 Rxd8 20. Rd1 Rd4 21. Bf3 Kf8 22. Rxd4 exd4 23. Ne2 d3 24. cxd3 Bxa2 25. Kg1 b6 26. Kf2 Ke7 27. Ke3 Ne8 28. d4 f6 29. Nc3 Bb3 30. Nb1 Nd6 31. Nd2 Nc4+ 32. Nxc4 Bxc4 33. d5 Kd6 34. Kd4 Bb5 35. Bg4 a5 36. Be6 Be8 37. Bg8 h6 38. Be6 a4 39. Bg4 b5 40. Be2 h5 41. h4 b4 42. Kc4 a3 43. bxa3 bxa3 44. Kb3 Ke5 45. Bf3 Kf4 46. d6 g6 47. Kxa3 Ke5 48. Kb4 Kxd6 49. Kc4 Ke5 50. g3 Bc6 51. Kd3 f5 52. Ke3 fxe4 53. Be2 Kf5 54. Bd1 Be8 55. Be2 Ba4 56. Kf2 Bc2 57. Ke3 Bd3 58. Bd1 Ke5 59. g4 g5 60. gxh5 gxh4 61. Bg4 Kf6 62. Kf4 Kg7 63. Bf5 Kh6 64. Bxe4 Bxe4 65. Kxe4 Kxh5 66. Kf3 h3 67. Kg3 h2 68. Kxh2 1/2-1/2

[Event "SVK-ch Open 2018"]
[Site "Banska Stiavnica"]
[Date "2018.07.07"]
[Round "1"]
[White "Gresova, Zuzana"]
[Black "Urhegyi, Marton"]
[Result "0-1"]
[ECO "D15"]
[WhiteElo "1920"]
[BlackElo "2303"]
[Annotator "NA"]
[PlyCount "68"]
[EventDate "2018.07.07"]
[EventType "swiss"]
[EventCountry "SVK"]
[SourceTitle "playchess.com"]
[Source "ChessBase"]
[SourceQuality "1"]
[TimeControl "40/5400+30:1800+30"]

1. d4 d5 2. c4 c6 3. Nf3 Nf6 4. Nc3 a6 5. e3 Bf5 6. Qb3 b5 7. cxd5 cxd5 8. Ne5 e6 9. Be2 Bd6 10. f4 Ne4 11. O-O f6 12. Nd3 Nc6 13. Qd1 Nxc3 14. bxc3 Na5 15. Nb4 O-O 16. Bf3 Qc7 17. Bd2 Nc4 18. Rc1 Qa5 19. Rf2 Rac8 20. g4 Be4 21. Bxe4 dxe4 22. f5 exf5 23. gxf5 Qa3 24. Nd5 Rcd8 25. Nf4 Bxf4 26. Rxf4 Qxa2 27. Rc2 Qb3 28. Bc1 Rd5 29. Rff2 Nd6 30. Qg4 Rxf5 31. Rb2 Qxc3 32. Rxf5 Qxc1+ 33. Rf1 Qxb2 34. Qe6+ Nf7 0-1

[Event "SVK-ch Open 2018"]
[Site "Banska Stiavnica"]
[Date "2018.07.07"]
[Round "1"]
[White "Stanko, Ivan"]
[Black "Vojtek, Vladimir"]
[Result "0-1"]
[ECO "B22"]
[WhiteElo "1908"]
[BlackElo "2310"]
[Annotator "NA"]
[PlyCount "136"]
[EventDate "2018.07.07"]
[EventType "swiss"]
[EventCountry "SVK"]
[SourceTitle "playchess.com"]
[Source "ChessBase"]
[SourceQuality "1"]
[TimeControl "40/5400+30:1800+30"]

1. e4 c5 2. c3 e6 3. d4 d5 4. exd5 exd5 5. Nf3 Nf6 6. Bb5+ Bd7 7. Bd3 Nc6 8. O-O c4 9. Re1+ Be7 10. Bc2 O-O 11. Bg5 Bg4 12. Nbd2 Qc7 13. Qb1 h6 14. Bh4 Rfe8 15. h3 Be6 16. Ne5 Nd7 17. Bxe7 Rxe7 18. f4 Ndxe5 19. dxe5 d4 20. cxd4 Nxd4 21. Be4 Rd8 22. Nf3 Nxf3+ 23. Bxf3 Rd2 24. Kh1 Qc5 25. Rd1 Red7 26. Rxd2 Rxd2 27. f5 Bd5 28. Qe1 Qd4 29. Rd1 Rxd1 30. Qxd1 Qxd1+ 31. Bxd1 Be4 32. Bf3 Bxf5 33. Bxb7 Be6 34. a3 Kf8 35. Kg1 Ke7 36. Kf2 f6 37. exf6+ Kxf6 38. Ke3 Ke5 39. Ba6 g5 40. g3 c3 41. bxc3 Bxh3 42. Bb7 Be6 43. Bf3 Bf7 44. Kd3 h5 45. c4 h4 46. gxh4 gxh4 47. Bg2 Bg6+ 48. Ke3 a5 49. c5 Bf7 50. Kd3 Bd5 51. Bh3 Bf3 52. Ke3 Bc6 53. Kd3 Kd5 54. Kc3 Kxc5 55. Bf1 Kd5 56. Bh3 Bb5 57. Bc8 Ke4 58. Kd2 Kf3 59. Bb7+ Kf2 60. Bc8 Be2 61. Bd7 Bf3 62. Bc8 Kg3 63. Ke3 Bg4 64. Bb7 h3 65. Bc6 Be6 66. Be4 Bc4 67. Bf5 h2 68. Be4 Bf1 0-1

[Event "SVK-ch Open 2018"]
[Site "Banska Stiavnica"]
[Date "2018.07.07"]
[Round "1"]
[White "Pereszlenyi, Gejza"]
[Black "Kantorik, Marian"]
[Result "0-1"]
[ECO "D02"]
[WhiteElo "1899"]
[BlackElo "2260"]
[Annotator "NA"]
[PlyCount "80"]
[EventDate "2018.07.07"]
[EventType "swiss"]
[EventCountry "SVK"]
[SourceTitle "playchess.com"]
[Source "ChessBase"]
[SourceQuality "1"]
[TimeControl "40/5400+30:1800+30"]

1. d4 d5 2. Nf3 e6 3. Bf4 c5 4. e3 Qb6 5. Nc3 Nc6 6. Rb1 a6 7. Be2 Nf6 8. h3 Bd7 9. O-O cxd4 10. exd4 Be7 11. Re1 O-O 12. Bf1 Rac8 13. a3 Qa7 14. Qd2 b5 15. Ra1 Rfd8 16. g4 Be8 17. Bg5 Qc7 18. Bd3 Na5 19. Nd1 Nc4 20. Qe2 Ne4 21. Bxe7 Qxe7 22. Bxc4 Rxc4 23. Ne3 Rcc8 24. c3 f6 25. Kg2 Bf7 26. Nd2 Nxd2 27. Qxd2 Qc7 28. Rad1 a5 29. Rc1 Qb6 30. b4 h6 31. f4 Re8 32. h4 Qd6 33. Rf1 Bg6 34. f5 exf5 35. Nxf5 Bxf5 36. Rxf5 Re4 37. Kh3 Rce8 38. Rcf1 Re2 39. Qf4 R8e3+ 40. Rf3 Rxf3+ 0-1

[Event "SVK-ch Open 2018"]
[Site "Banska Stiavnica"]
[Date "2018.07.07"]
[Round "1"]
[White "Komlosi, Frantisek"]
[Black "Molnar, Erno"]
[Result "0-1"]
[ECO "D74"]
[WhiteElo "1861"]
[BlackElo "2231"]
[Annotator "NA"]
[PlyCount "86"]
[EventDate "2018.07.07"]
[EventType "swiss"]
[EventCountry "SVK"]
[SourceTitle "playchess.com"]
[Source "ChessBase"]
[SourceQuality "1"]
[TimeControl "40/5400+30:1800+30"]

1. d4 Nf6 2. c4 g6 3. Nf3 Bg7 4. g3 d5 5. cxd5 Nxd5 6. Bg2 O-O 7. O-O Nc6 8. Na3 Nb6 9. e3 Bf5 10. Nh4 Be6 11. Bd2 Bd5 12. Bc3 Bxg2 13. Nxg2 Nd5 14. Qb3 Nxc3 15. bxc3 Na5 16. Qa4 b6 17. Rab1 e6 18. Rfd1 Qe7 19. Nc4 Nxc4 20. Qxc4 c5 21. Nf4 cxd4 22. cxd4 Rfc8 23. Qa6 Rc3 24. a4 Rd8 25. Rdc1 Ra3 26. Rc8 Rf8 27. Rbc1 Qd7 28. R8c4 Bf6 29. h4 e5 30. Ne2 Kg7 31. Kg2 Qd5+ 32. Kg1 Qd7 33. dxe5 Bxe5 34. Nd4 Ra2 35. Nc2 Qd2 36. Rf1 Rxc2 37. Rxc2 Qxc2 38. Qxa7 Qc7 39. Qa6 Rd8 40. Qe2 Qc6 41. Qg4 h5 42. Qb4 Ra8 43. Qe7 Bf6 0-1

[Event "SVK-ch Open 2018"]
[Site "Banska Stiavnica"]
[Date "2018.07.07"]
[Round "1"]
[White "Malinovsky, Jozef"]
[Black "Sikora, Jan"]
[Result "0-1"]
[ECO "A17"]
[WhiteElo "1842"]
[BlackElo "2209"]
[Annotator "NA"]
[PlyCount "130"]
[EventDate "2018.07.07"]
[EventType "swiss"]
[EventCountry "SVK"]
[SourceTitle "playchess.com"]
[Source "ChessBase"]
[SourceQuality "1"]
[TimeControl "40/5400+30:1800+30"]

1. Nf3 Nf6 2. c4 e6 3. Nc3 Bb4 4. Qc2 O-O 5. a3 Bxc3 6. bxc3 b6 7. g3 Bb7 8. Bg2 d6 9. O-O Nbd7 10. a4 a5 11. Ba3 e5 12. d3 Re8 13. e4 Bc6 14. Rfe1 Nf8 15. Bc1 N8d7 16. Ba3 Nc5 17. Bxc5 bxc5 18. Nd2 Nd7 19. Ra2 Nb6 20. Rea1 Qd7 21. Nf1 Reb8 22. Ne3 Rb7 23. Bf3 Rab8 24. Kg2 Qe8 25. Bd1 Nc8 26. Qc1 Ne7 27. Qd2 f5 28. Nd5 fxe4 29. dxe4 Bd7 30. Qg5 Nxd5 31. cxd5 h6 32. Qd2 Qg6 33. Qe2 Rf8 34. Bc2 Bg4 35. Qe1 Bf3+ 36. Kg1 Qg4 37. Bd3 Rfb8 38. Rc2 Rb3 39. Rac1 Ra3 40. Qf1 Rxa4 41. h3 Qg6 42. Re1 c4 43. Bxc4 Bxe4 44. Rxe4 Qxe4 45. Bd3 Qxd5 46. Rc1 e4 47. Be2 Qd2 48. Rd1 Qxc3 49. Rc1 Qd4 50. Rd1 Qc5 51. Rc1 Qd4 52. Rd1 Qb2 53. Bc4+ Kh8 54. Re1 Qd4 55. Be6 Qe5 56. Bd7 Ra2 57. Qc4 Ra1 58. Rxa1 Qxa1+ 59. Kg2 Qe5 60. Qxc7 Rf8 61. g4 e3 62. fxe3 Qe4+ 63. Kg3 Qxe3+ 64. Kh4 Qf2+ 65. Kh5 Qf7+ 0-1

[Event "SVK-ch Open 2018"]
[Site "Banska Stiavnica"]
[Date "2018.07.07"]
[Round "1"]
[White "Bango, Dominik"]
[Black "Mrvova, Alena"]
[Result "0-1"]
[ECO "B92"]
[WhiteElo "1835"]
[BlackElo "2202"]
[Annotator "NA"]
[PlyCount "54"]
[EventDate "2018.07.07"]
[EventType "swiss"]
[EventCountry "SVK"]
[SourceTitle "playchess.com"]
[Source "ChessBase"]
[SourceQuality "1"]
[TimeControl "40/5400+30:1800+30"]

1. e4 c5 2. Nf3 d6 3. d4 cxd4 4. Nxd4 Nf6 5. Nc3 a6 6. Be2 e5 7. Nb3 Be7 8. O-O O-O 9. Be3 Be6 10. f4 exf4 11. Bxf4 Nc6 12. Kh1 Ne5 13. Nd4 Rc8 14. Nxe6 fxe6 15. Bd3 Qb6 16. Bxe5 dxe5 17. Rb1 Qc6 18. a3 Bc5 19. Qe2 Rcd8 20. Nd1 Nxe4 21. Ne3 Ng5 22. h4 e4 23. Bc4 Nf3 24. gxf3 exf3 25. Bxe6+ Qxe6 26. Qc4 Qxc4 27. Nxc4 Rd4 0-1

[Event "SVK-ch Open 2018"]
[Site "Banska Stiavnica"]
[Date "2018.07.07"]
[Round "1"]
[White "Kebis, Milos"]
[Black "Jamrich, Gyorgy"]
[Result "0-1"]
[ECO "A10"]
[WhiteElo "1828"]
[BlackElo "2200"]
[Annotator "NA"]
[PlyCount "140"]
[EventDate "2018.07.07"]
[EventType "swiss"]
[EventCountry "SVK"]
[SourceTitle "playchess.com"]
[Source "ChessBase"]
[SourceQuality "1"]
[TimeControl "40/5400+30:1800+30"]

1. c4 b6 2. Nc3 Bb7 3. d4 e6 4. Nf3 Bb4 5. Bg5 f6 6. Bf4 Ne7 7. Qb3 Nbc6 8. e3 g5 9. Bg3 h5 10. h4 Nf5 11. Bd3 Nxg3 12. fxg3 g4 13. Nd2 Qe7 14. O-O-O O-O-O 15. a3 Bd6 16. Nde4 f5 17. Nxd6+ Qxd6 18. Ne2 Na5 19. Qc2 Bxg2 20. Rhg1 Bf3 21. Rd2 Bxe2 22. Bxe2 e5 23. b4 Nc6 24. d5 Qh6 25. Qc3 Nb8 26. Kb1 f4 27. exf4 exf4 28. gxf4 Qxf4 29. Rf1 Qe4+ 30. Bd3 Qe7 31. c5 Rhf8 32. Rc1 c6 33. cxb6 axb6 34. Qd4 Kb7 35. Be4 Ka7 36. b5 Kb7 37. Rb2 Kc8 38. bxc6 dxc6 39. Qe3 Rde8 40. Re2 Kc7 41. Qh6 Qd6 42. Qg7+ Qd7 43. Qg6 Re5 44. dxc6 Qe7 45. Bd3 Rxe2 46. Bxe2 Rf6 47. Qd3 Re6 48. Bf1 Re3 49. Qf5 Rf3 50. Qc2 Rxa3 51. Qc4 Rf3 52. Bg2 Qh7+ 53. Rc2 Rf2 54. Be4 Qf7 55. Qa4 Rf1+ 56. Rc1 Rxc1+ 57. Kxc1 Qf1+ 58. Kd2 Na6 59. Qd4 Qf4+ 60. Ke2 Nc5 61. Qg7+ Kd6 62. Qd4+ Ke7 63. Qg7+ Kd6 64. Qd4+ Kc7 65. Qg7+ Kd6 66. Qd4+ Ke7 67. Qg7+ Ke6 68. Qg6+ Ke5 69. Qg5+ Qxg5 70. hxg5 Nxe4 0-1

[Event "SVK-ch Open 2018"]
[Site "Banska Stiavnica"]
[Date "2018.07.07"]
[Round "1"]
[White "Paksi, Gyula"]
[Black "Sikorova, Olga"]
[Result "0-1"]
[ECO "E63"]
[WhiteElo "1811"]
[BlackElo "2193"]
[Annotator "NA"]
[PlyCount "58"]
[EventDate "2018.07.07"]
[EventType "swiss"]
[EventCountry "SVK"]
[SourceTitle "playchess.com"]
[Source "ChessBase"]
[SourceQuality "1"]
[TimeControl "40/5400+30:1800+30"]

1. d4 Nf6 2. Nf3 g6 3. c4 Bg7 4. g3 O-O 5. Bg2 d6 6. Nc3 Nc6 7. O-O a6 8. b3 Bf5 9. Nh4 Bd7 10. Nf3 Qc8 11. Re1 e5 12. e4 Nxd4 13. Nxd4 exd4 14. Qxd4 Nxe4 15. Qxe4 Bxc3 16. Be3 Bc6 17. Qd3 Bxa1 18. Rxa1 Bxg2 19. Kxg2 Qe6 20. Rd1 f6 21. h4 Rae8 22. Kh2 Rf7 23. Qf1 Qf5 24. Qg2 Qe4 25. Qf1 Qf3 26. Qd3 Rfe7 27. Qd5+ Qxd5 28. Rxd5 Rxe3 29. fxe3 Rxe3 0-1

[Event "SVK-ch Open 2018"]
[Site "Banska Stiavnica"]
[Date "2018.07.07"]
[Round "1"]
[White "Rabovszky, Gyorgy"]
[Black "Lintner, Igor"]
[Result "0-1"]
[ECO "B23"]
[WhiteElo "1807"]
[BlackElo "2173"]
[Annotator "NA"]
[PlyCount "50"]
[EventDate "2018.07.07"]
[EventType "swiss"]
[EventCountry "SVK"]
[SourceTitle "playchess.com"]
[Source "ChessBase"]
[SourceQuality "1"]
[TimeControl "40/5400+30:1800+30"]

1. e4 c5 2. Nc3 a6 3. f4 e6 4. Nf3 Nc6 5. Bc4 b5 6. Be2 Bb7 7. d3 d5 8. O-O Be7 9. f5 dxe4 10. dxe4 exf5 11. Bf4 fxe4 12. Nxe4 Nd4 13. Neg5 Nf6 14. Nxd4 cxd4 15. Be5 Qd5 16. Bf3 Qxe5 17. Bxb7 Rd8 18. Bc6+ Kf8 19. h4 d3 20. Qf3 Qd4+ 21. Rf2 h6 22. Ne4 dxc2 23. Re1 Qc4 24. Nxf6 Bxf6 25. Qe3 Qxc6 0-1

[Event "SVK-ch Open 2018"]
[Site "Banska Stiavnica"]
[Date "2018.07.07"]
[Round "1"]
[White "Vyletel, Samuel"]
[Black "Nogrady, Vilmos"]
[Result "1-0"]
[ECO "A01"]
[WhiteElo "1798"]
[BlackElo "2154"]
[Annotator "NA"]
[PlyCount "33"]
[EventDate "2018.07.07"]
[EventType "swiss"]
[EventCountry "SVK"]
[SourceTitle "playchess.com"]
[Source "ChessBase"]
[SourceQuality "1"]
[TimeControl "40/5400+30:1800+30"]

1. b3 e5 2. Bb2 Nc6 3. e3 Nf6 4. Bb5 Bd6 5. Bxc6 dxc6 6. d3 Bg4 7. Ne2 Qe7 8. Nd2 O-O-O 9. O-O h5 10. Nc4 e4 11. d4 Bxh2+ 12. Kxh2 Bxe2 13. Qxe2 Ng4+ 14. Kh3 Qe6 15. f3 Nxe3+ 16. Kh2 exf3 17. Qxe3 1-0

[Event "SVK-ch Open 2018"]
[Site "Banska Stiavnica"]
[Date "2018.07.07"]
[Round "1"]
[White "Furman, Slavomir"]
[Black "Bango, Lukas"]
[Result "0-1"]
[ECO "A43"]
[WhiteElo "1768"]
[BlackElo "2148"]
[Annotator "NA"]
[PlyCount "40"]
[EventDate "2018.07.07"]
[EventType "swiss"]
[EventCountry "SVK"]
[SourceTitle "playchess.com"]
[Source "ChessBase"]
[SourceQuality "1"]
[TimeControl "40/5400+30:1800+30"]

1. d4 c5 2. d5 f5 3. Nf3 Nf6 4. Bg5 Qb6 5. Bxf6 Qxf6 6. Nc3 d6 7. g3 g5 8. Qd3 Bg7 9. Rb1 O-O 10. Bg2 Nd7 11. Qe3 g4 12. Ng5 Ne5 13. f4 gxf3 14. Nxf3 Bh6 15. Qf2 Ng4 16. Qg1 Be3 17. Qf1 Bf2+ 18. Kd2 Qh6+ 19. e3 Nxe3 20. Ke2 Nxf1 0-1

[Event "SVK-ch Open 2018"]
[Site "Banska Stiavnica"]
[Date "2018.07.07"]
[Round "1"]
[White "Babinsky, Michal"]
[Black "Zatko, Gregor"]
[Result "0-1"]
[ECO "A25"]
[WhiteElo "1762"]
[BlackElo "2144"]
[Annotator "NA"]
[PlyCount "102"]
[EventDate "2018.07.07"]
[EventType "swiss"]
[EventCountry "SVK"]
[SourceTitle "playchess.com"]
[Source "ChessBase"]
[SourceQuality "1"]
[TimeControl "40/5400+30:1800+30"]

1. c4 e5 2. Nc3 Nc6 3. g3 Bb4 4. Nf3 Bxc3 5. dxc3 d6 6. Bg2 Nf6 7. O-O O-O 8. Bg5 h6 9. Be3 Be6 10. b3 Qd7 11. Qc1 Ng4 12. Rd1 f5 13. Bd2 Qf7 14. h3 Nf6 15. Nh2 f4 16. g4 g5 17. f3 Ne7 18. Be1 Rae8 19. e4 fxe3 20. Qxe3 b6 21. Rd2 Ng6 22. Bg3 Nd7 23. Rad1 Nc5 24. Qe1 a5 25. Nf1 a4 26. b4 Nd7 27. Ne3 Nf4 28. Qf1 Qg7 29. Bxf4 exf4 30. Nd5 Bxd5 31. Rxd5 Qxc3 32. Qd3 Qxd3 33. R5xd3 Re2 34. R1d2 Rfe8 35. Rxe2 Rxe2 36. Ra3 Ne5 37. Bf1 Rc2 38. c5 dxc5 39. bxc5 Rxc5 40. Rxa4 Nxf3+ 41. Kf2 Ne5 42. Re4 Kg7 43. a4 Kf6 44. Be2 Rc2 45. Ke1 f3 46. Bf1 Ra2 47. Rd4 f2+ 48. Kd1 Ke7 49. Rd2 Rxd2+ 50. Kxd2 Nf3+ 51. Ke3 Nh2 0-1

[Event "SVK-ch Open 2018"]
[Site "Banska Stiavnica"]
[Date "2018.07.07"]
[Round "1"]
[White "Hagara, Eduard"]
[Black "Horvath, Julia"]
[Result "0-1"]
[ECO "A00"]
[WhiteElo "1758"]
[BlackElo "2107"]
[Annotator "NA"]
[PlyCount "72"]
[EventDate "2018.07.07"]
[EventType "swiss"]
[EventCountry "SVK"]
[SourceTitle "playchess.com"]
[Source "ChessBase"]
[SourceQuality "1"]
[TimeControl "40/5400+30:1800+30"]

1. a3 e5 2. c4 a5 3. Nc3 Nf6 4. d3 d6 5. Bg5 c6 6. Nf3 Be7 7. h3 O-O 8. e3 Nbd7 9. Be2 Nc5 10. Rb1 h6 11. Bh4 Nh7 12. Bxe7 Qxe7 13. d4 Nd7 14. Qc2 f5 15. g3 f4 16. Bd3 Ng5 17. Nh4 fxe3 18. O-O exf2+ 19. Kg2 exd4 20. Ne4 Ne5 21. Nxg5 hxg5 22. Bh7+ Kh8 23. Nf5 Bxf5 24. Bxf5 Rxf5 25. Qxf5 Nxc4 26. Qxf2 Ne3+ 27. Kh2 Nxf1+ 28. Rxf1 c5 29. Qf3 Re8 30. Rf2 b5 31. Qb3 b4 32. Qf3 bxa3 33. Qxa3 Qe3 34. Kg2 Qxa3 35. bxa3 Re3 36. Ra2 a4 0-1

[Event "SVK-ch Open 2018"]
[Site "Banska Stiavnica"]
[Date "2018.07.07"]
[Round "1"]
[White "Beno, Milan"]
[Black "Brozyna, Mateusz"]
[Result "0-1"]
[ECO "C47"]
[WhiteElo "1739"]
[BlackElo "2098"]
[Annotator "NA"]
[PlyCount "64"]
[EventDate "2018.07.07"]
[EventType "swiss"]
[EventCountry "SVK"]
[SourceTitle "playchess.com"]
[Source "ChessBase"]
[SourceQuality "1"]
[TimeControl "40/5400+30:1800+30"]

1. e4 e5 2. Nc3 Nf6 3. Bc4 Nc6 4. Nf3 Be7 5. O-O O-O 6. d3 d6 7. h3 Na5 8. Bb3 c6 9. Ne2 Qc7 10. c4 Nxb3 11. Qxb3 h6 12. Ng3 Be6 13. Qc3 Nd7 14. Be3 c5 15. Nh2 Bh4 16. Qd2 Qd8 17. Ne2 f5 18. exf5 Bxf5 19. f4 Qe8 20. Kh1 Qg6 21. Rad1 Qh7 22. g4 Bg6 23. f5 Be8 24. Nf3 Be7 25. Ng3 Nf6 26. Ne4 Bc6 27. Nxf6+ Bxf6 28. Kh2 Rae8 29. Qf2 e4 30. dxe4 Rxe4 31. Nd2 Be5+ 32. Kg1 Rxe3 0-1

[Event "SVK-ch Open 2018"]
[Site "Banska Stiavnica"]
[Date "2018.07.07"]
[Round "1"]
[White "Juhaniak, Lubomir"]
[Black "Kerdik, Adam"]
[Result "1/2-1/2"]
[ECO "E32"]
[WhiteElo "1732"]
[BlackElo "2091"]
[Annotator "NA"]
[PlyCount "46"]
[EventDate "2018.07.07"]
[EventType "swiss"]
[EventCountry "SVK"]
[SourceTitle "playchess.com"]
[Source "ChessBase"]
[SourceQuality "1"]
[TimeControl "40/5400+30:1800+30"]

1. d4 Nf6 2. c4 e6 3. Nc3 Bb4 4. Qc2 O-O 5. a3 Bxc3+ 6. Qxc3 b6 7. Nf3 Ne4 8. Qc2 Bb7 9. g3 d5 10. cxd5 exd5 11. Bg2 Nd7 12. O-O Rc8 13. Qa4 a6 14. Qd1 c5 15. dxc5 bxc5 16. Nd2 f5 17. Nxe4 fxe4 18. Bxe4 Nf6 19. Bg2 Qe7 20. Bg5 Qe5 21. Bxf6 Rxf6 22. Qd2 Rb6 23. Rab1 c4 1/2-1/2